 Dungeon Crawl Stone Soup version 0.27-a0-668-gb5737ff2c0 (webtiles) character file.

Game seed: 11713535597422972616

86 lunkers the Skirmisher (level 4, -4/50 HPs)
             Began as an Ogre Fighter on Mar 17, 2021.
             Slain by an orc
             ... wielding a +0 trident
              (6 damage)
             ... on level 2 of the Dungeon.
             The game lasted 00:04:30 (2064 turns).

lunkers the Skirmisher (Ogre Fighter)               Turns: 2064, Time: 00:04:31

Health: -4/50      AC:  8    Str: 21    XL:     4   Next: 50%
Magic:  4/4        EV:  7    Int:  9    God:
Gold:   27         SH:  8    Dex:  8    Spells: 3/3 levels left

rFire    . . .     SeeInvis .   a - +0 flail
rCold    . . .     Faith    .   c - +0 kite shield
rNeg     . . .     Spirit   .   k - +0 swamp dragon scales
rPois    +         Reflect  .   (helmet restricted)
rElec    .         Harm     .   (no cloak)
rCorr    +         Rampage  .   (gloves unavailable)
Will     .....                  (boots unavailable)
Stlth    ..........             (no amulet)
HPRegen  0.16/turn              h - ring of resist corrosion
MPRegen  0.09/turn              (no ring)

@: mighty
A: large, unfitting armour, tough skin 1
a: no special abilities


You were on level 2 of the Dungeon.
You visited 1 branch of the dungeon, and saw 2 of its levels.

You collected 27 gold pieces.

Inventory:

Hand Weapons
 a - a +0 flail (weapon)
Missiles
 e - 80 stones (quivered)
Armour
 b - a +0 robe
 c - a +0 kite shield (worn)
 k - +0 swamp dragon scales (worn)
Jewellery
 h - a ring of resist corrosion (right hand)
Scrolls
 f - a scroll of immolation {unknown}
 i - 2 scrolls of identify {unknown}
 j - a scroll of blinking {unknown}
 l - 2 scrolls of teleportation {unknown}
 m - a scroll of silence {unknown}
Potions
 d - a potion of might
 g - a potion of invisibility {unknown}


   Skills:
 + Level 5.0 Fighting
 * Level 3.5 Maces & Flails
 - Level 2.6 Dodging
 - Level 2.6 Shields


You had 3 spell levels left.
You didn't know any spells.
Your spell library was empty.

Dungeon Overview and Level Annotations

Branches:
Dungeon (2/15)

Altars:


Innate Abilities, Weirdness & Mutations

You are too large for most types of armour.
You have tough skin. (AC +1)


Message History

The orc closely misses you.
The orc priest mumbles some strange prayers to Beogh against you.
Beogh smites you!
* * * LOW HITPOINT WARNING * * *
The orc priest begins to cast a cantrip, but forgets the words!
The orc barely misses you.
You closely miss the orc priest. The bat hits you but does no damage.
The orc priest closely misses you.
The orc hits you from afar with a +0 trident.
* * * LOW HITPOINT WARNING * * *
The orc jeers loudly.
You block the orc's attack.
The orc priest hits you but does no damage.
You sock the orc priest!
The orc priest is heavily wounded.
You block the bat's attack. The orc barely misses you.
The orc hits you from afar with a +0 trident.
* * * LOW HITPOINT WARNING * * *
The orc priest miscasts a cantrip.
You block the bat's attack. The orc barely misses you.
You thump the orc priest!
The orc priest is almost dead.
The bat hits you but does no damage. The orc hits you but does no damage.
The orc priest barely misses you. The bat hits you but does no damage.
The orc hits you from afar with a +0 trident.
* * * LOW HITPOINT WARNING * * *
The orc priest looks braver for a moment.
The orc hits you but does no damage. The orc priest hits you.
* * * LOW HITPOINT WARNING * * *
You thump the orc priest!
You kill the orc priest!
You block the bat's attack. The bat hits you but does no damage.
The orc priest looks encouraged for a moment.
You block the orc's attack. The orc barely misses you.
Your Fighting skill increases to level 5!
You have reached level 4!
You sock the bat!
You kill the bat!
The orc hits you from afar with a +0 trident.
You die...

#.......#
###.......######
..........#.....
#.#.............
#.#.............
#.#.............
#.#.............
...######...............
....oo$@..........#.)...
.....o.[.....###........
.#########...###....#.##
##.............
#..###.).)..## #..#
#...#..# ....⌠#..#
#...#..# ....$#.##
#...#..# .≈..##.#
#...#...


You could see an orc priest and 2 orcs.

Vanquished Creatures
  An orc priest (D:2)
  An adder (D:2)
  A dart slug (D:1)
  3 orcs (D:2)
  2 giant cockroaches (D:1)
  6 goblins
  7 hobgoblins
  3 jackals (D:1)
  A quokka (D:1)
  4 bats
  A frilled lizard (D:2)
  8 kobolds
  3 rats
41 creatures vanquished.

Notes
Turn   | Place    | Note
-------+----------+-------------------------------------------
     0 | D:1      | lunkers the Ogre Fighter began the quest for the Orb.
     0 | D:1      | Reached XP level 1. HP: 24/24 MP: 1/1
   326 | D:1      | Reached XP level 2. HP: 32/32 MP: 2/2
  1257 | D:1      | Reached XP level 3. HP: 40/40 MP: 3/3
  2062 | D:2      | HP: 2/41 [orc/+0 trident (1)]
  2064 | D:2      | Reached skill level 5 in Fighting
  2064 | D:2      | Reached XP level 4. HP: 1/50 MP: 4/4
  2064 | D:2      | Slain by an orc

Illustrated notes

Levels and vault maps discovered:
D:1:      dpeg_arrival_morbid_curiosity, layout_loops_ring, minmay_surrounded
D:2:      cheibrodos_pilgrimage, layout_basic, chequers_ecumenical_altar_grove

Skill      XL: |  1  2  3 |
---------------+----------+-----
Maces & Flails | 2 3 |  3.5
Fighting       | 5 |  5.0
Dodging        | |  2.6
Shields        | |  2.6

Action                   |  1- 3 |  4- 6 || total
-------------------------+-------+-------++-------
Melee: Flail             |   144 |     1 ||   145
Throw: Stone             |     9 |       ||     9
  Use: Potion            |     1 |       ||     1
Armor: Robe              |    38 |       ||    38
       Swamp dragon scal |    14 |       ||    14
Dodge: Dodged            |    57 |       ||    57
Block: Kite shield       |    90 |       ||    90

Table legend: (Time is in decaauts)
 A = Elapsed time spent in this place.
 B = Non-inter-level travel time spent in this place.
 C = Inter-level travel time spent in this place.
 D = Time resting spent in this place.
 E = Time spent auto-exploring this place.
 F = Levels seen in this place.
 G = Mean time per level.
                   A        B        C        D        E       F      G
               +--------+--------+--------+--------+--------+-----+--------+
         Total |   2135 |   2085 |     50 |     15 |   1596 |   2 | 1067.5 |
       Dungeon |   2135 |   2085 |     50 |     15 |   1596 |   2 | 1067.5 |
               +--------+--------+--------+--------+--------+-----+--------+

Top non-repeatable levels by time:
     D:1: 1723 daAuts
     D:2: 412 daAuts
